 Dungeon Crawl Stone Soup version 0.28-a0-313-gbc0475efdd (webtiles) character file.

Game seed: 3929522160999976304

1128 Dirtsage the Chopper (level 8, -3/71 HPs)
             Began as a Minotaur Fighter on Aug 31, 2021.
             Was an Initiate of Okawaru.
             Slain by Duvessa (7 damage)
             ... on level 6 of the Dungeon.
             The game lasted 00:07:44 (6131 turns).

Dirtsage the Chopper (Minotaur Fighter)             Turns: 6131, Time: 00:07:45

Health: -3/71      AC: 10    Str: 21    XL:     8   Next: 13%
Magic:  7/7        EV:  8    Int:  5    God:    Okawaru [......]
Gold:   218        SH:  9    Dex: 12    Spells: 7/7 levels left

rFire   . . .      SeeInvis .   Y - +0 war axe
rCold   . . .      Faith    .   c - +0 kite shield
rNeg    . . .      Spirit   .   b - +0 scale mail
rPois   .          Reflect  .   (helmet restricted)
rElec   .          Harm     .   v - +0 cloak
rCorr   .          Rampage  .   (no gloves)
Will    .....                   m - +0 pair of boots
Stlth   ..........              (no amulet)
HPRegen 0.21/turn               (no ring)
MPRegen 0.10/turn               (no ring)

@: lit by a corona, glowing
A: horns 2, retaliatory headbutt
a: Renounce Religion


You were on level 6 of the Dungeon.
You worshipped Okawaru.
Okawaru was noncommittal.
You visited 2 branches of the dungeon, and saw 7 of its levels.

You collected 218 gold pieces.


Innate Abilities, Weirdness & Mutations

You have a pair of horns on your head.
You reflexively headbutt those who attack you in melee.


   Skills:
 + Level 6.3 Fighting
 * Level 7.6 Axes
 + Level 6.2 Armour
 + Level 6.3 Shields


You had 7 spell levels left.
You didn't know any spells.
Your spell library was empty.

Inventory:

Hand Weapons
 o - a +0 flail
 r - a +0 hand crossbow
 Y - a +0 war axe (weapon)
Missiles
 l - 3 silver boomerangs (quivered)
 t - 15 bolts
 y - 8 silver javelins
Armour
 b - a +0 scale mail (worn)
 c - a +0 kite shield (worn)
 m - a +0 pair of boots (worn)
 v - a +0 cloak (worn)
Magical Staves
 h - a staff of air {!a}
 n - a staff of death {!a}
Jewellery
 F - a ring of fire
Wands
 s - a wand of flame (20)
Scrolls
 a - a scroll of immolation {unknown}
 j - a scroll of identify {unknown}
 k - 2 scrolls of brand weapon {unknown}
 q - a scroll of magic mapping {unknown}
 u - a scroll of enchant weapon {unknown}
Potions
 d - 2 potions of might
 e - 3 potions of flight {unknown}
 f - a potion of ambrosia {unknown}
 g - 3 potions of mutation {unknown}
 i - a potion of attraction {unknown}
 p - a potion of cancellation {unknown}
 w - 4 potions of curing {unknown}
 x - a potion of invisibility {unknown}
 z - 2 potions of resistance {unknown}
 A - a potion of heal wounds {unknown}
 B - a potion of lignification {unknown}

Dungeon Overview and Level Annotations

Branches:
Dungeon (6/15)             Temple (1/1) D:6

Altars:
Dithmenos
Elyvilon
Fedhas
Gozag
Kikubaaqudgha
Nemelex Xobeh
Okawaru
Qazlal
Zin
The Shining One

Annotations:
D:6 Duvessa

...... ...... .#.≈≈ #.≈
...... ....≈#.≈ ......
.# ##...#.. ......
...##...... ......
#........ .......
###...... ........
#.....)e#### ........
.......@...#####
........
...............######
........
.......#####........####
........ ......#
#####........ ........
.....# ######...
........ ..#.# ####
........ .#.. # ......##
.. # .....## #


You could see Duvessa (berserk).


Message History

You slash Duvessa! Your headbutt misses Duvessa.
Duvessa is heavily wounded.
You hit the jelly.
Your hands burn!
* * * LOW HITPOINT WARNING * * *
Duvessa hits you with a +0 rapier.
* * * LOW HITPOINT WARNING * * *
The jelly hits you.
* * * LOW HITPOINT WARNING * * *
You are splashed with acid!
* * * LOW HITPOINT WARNING * * *
Duvessa hits you with a +0 rapier!
* * * LOW HITPOINT WARNING * * *
Unknown command.
Your shield and scale mail prevent you from hitting Duvessa.
Duvessa is heavily wounded.
You slash the jelly!
You kill the jelly!
Okawaru accepts your kill. Duvessa hits you but does no damage.
You block Duvessa's attack.
You hit Duvessa. You headbutt Duvessa, but do no damage.
Duvessa is heavily wounded.
Duvessa hits you with a +0 rapier.
* * * LOW HITPOINT WARNING * * *
Duvessa hits you with a +0 rapier.
* * * LOW HITPOINT WARNING * * *
Unknown command.
You slash Duvessa! You headbutt Duvessa.
Duvessa is almost dead.
Duvessa hits you with a +0 rapier!
You die...

Skill      XL: |  1  2  3  4  5  6  7 |
---------------+----------------------+-----
Axes           | 3 4 5 6 7 |  7.6
Shields        | 4 5 6 |  6.3
Armour         | 4 5 6 |  6.2
Fighting       | 4 5 6 |  6.3

Action                   |  1- 3 |  4- 6 |  7- 9 || total
-------------------------+-------+-------+-------++-------
Melee: War axe           |    62 |   111 |   101 ||   274
       Headbutt          |     9 |    23 |    23 ||    55
 Fire: Hand crossbow     |       |     2 |       ||     2
  Use: Scroll            |       |       |     1 ||     1
Armor: Scale mail        |    30 |    63 |    34 ||   127
Dodge: Dodged            |    17 |    29 |    34 ||    80
Block: Kite shield       |    21 |    54 |    55 ||   130

Levels and vault maps discovered:
D:1:      minmay_arrival_open_corners, layout_basic,
          shapermc_ecumenical_altar_notcrosses
D:2:      layout_loops_ring
D:3:      minmay_recursive_quarters, layout_loops_corners, item_on_display_a
D:4:      cheibrodos_helix_gallery, layout_loops_corners,
          chequers_serial_rivers_micro_b
D:5:      layout_loops_cross, elyvilon_altar_3
D:6:      layout_cave_pods, temple_pool_b, serial_rivers,
          chequers_serial_rivers_marsh, chequers_serial_rivers_micro_b,
          chequers_serial_rivers_micro_e, chequers_serial_rivers_micro_d,
          chequers_serial_rivers_micro_d, chequers_serial_rivers_small_a,
          uniq_duvessa
Temple:   dpeg_five_rooms_temple

Notes
Turn   | Place    | Note
-------+----------+-------------------------------------------
     0 | D:1      | Dirtsage the Minotaur Fighter began the quest for the Orb.
     0 | D:1      | Reached XP level 1. HP: 19/19 MP: 0/0
   139 | D:1      | You fall into a shaft and drop 1 floor!
   143 | D:2      | Reached XP level 2. HP: 18/27 MP: 1/1
   529 | D:1      | Reached skill level 3 in Axes
   822 | D:1      | Found a faded altar of an unknown god.
   882 | D:1      | Reached skill level 4 in Shields
  1004 | D:1      | Reached XP level 3. HP: 33/33 MP: 2/2
  1007 | D:1      | Reached skill level 4 in Armour
  1182 | D:2      | Reached skill level 4 in Fighting
  1647 | D:3      | Reached XP level 4. HP: 16/40 MP: 3/3
  1990 | D:3      | Reached skill level 4 in Axes
  2181 | D:3      | HP: 2/40 [iguana (6)]
  2844 | D:3      | Reached XP level 5. HP: 43/47 MP: 4/4
  3411 | D:4      | Noticed a black bear
  3417 | D:4      | Killed a black bear
  3418 | D:4      | Reached skill level 5 in Axes
  3418 | D:4      | Reached XP level 6. HP: 52/55 MP: 5/5
  3491 | D:4      | Reached skill level 5 in Shields
  3542 | D:4      | Reached skill level 5 in Fighting
  3542 | D:4      | Reached skill level 5 in Armour
  3581 | D:4      | Noticed an ice beast
  3590 | D:4      | Killed an ice beast
  3647 | D:4      | Reached skill level 6 in Axes
  3647 | D:4      | Reached XP level 7. HP: 61/61 MP: 6/6
  4474 | D:5      | Entered Level 5 of the Dungeon
  4936 | D:5      | Reached skill level 6 in Fighting
  4936 | D:5      | Reached skill level 7 in Axes
  4936 | D:5      | Reached skill level 6 in Shields
  5172 | D:5      | Found a white marble altar of Elyvilon.
  5392 | D:5      | Reached skill level 6 in Armour
  5505 | D:6      | Found a staircase to the Ecumenical Temple.
  5522 | Temple   | Entered the Ecumenical Temple
  5599 | Temple   | Became a worshipper of Warmaster Okawaru
  5679 | D:6      | Reached XP level 8. HP: 34/70 MP: 7/7
  6116 | D:6      | Noticed Duvessa
  6116 | D:6      | Noticed Dowan
  6126 | D:6      | Killed Dowan
  6128 | D:6      | HP: 7/70 [Duvessa (7)]
  6130 | D:6      | HP: 3/71 [Duvessa (1)]
  6131 | D:6      | Slain by Duvessa

Vanquished Creatures
  An ice beast (D:4)
  A black bear (D:4)
  An ogre (D:6)
  A phantom (D:5)
  4 scorpions
  Dowan (D:6)
  A water moccasin skeleton (D:4)
  3 hounds
  A gnoll shaman (D:5)
  An orc priest (D:4)
  2 jellies
  2 iguanas (D:3)
  5 gnolls (D:5)
  6 adders
  A shadow imp (D:5)
  An ufetubus (D:5)
  An adder skeleton (D:4)
  3 worms
  A dart slug (D:1)
  9 orcs
  6 endoplasms
  4 giant cockroaches
  7 goblins
  6 hobgoblins
  9 jackals
  8 ball pythons
  5 frilled lizards
  A jackal skeleton (D:4)
  12 kobolds
  6 rats
110 creatures vanquished.

Table legend: (Time is in decaauts)
 A = Elapsed time spent in this place.
 B = Non-inter-level travel time spent in this place.
 C = Inter-level travel time spent in this place.
 D = Time resting spent in this place.
 E = Time spent auto-exploring this place.
 F = Levels seen in this place.
 G = Mean time per level.
                   A        B        C        D        E       F      G
               +--------+--------+--------+--------+--------+-----+--------+
         Total |   6256 |   5951 |    305 |      0 |   5113 |   7 |  893.7 |
       Dungeon |   6127 |   5873 |    254 |      0 |   5047 |   6 | 1021.2 |
        Temple |    129 |     78 |     51 |      0 |     66 |   1 |  129.0 |
               +--------+--------+--------+--------+--------+-----+--------+

Top non-repeatable levels by time:
     D:3: 1553 daAuts
     D:4: 1247 daAuts
     D:5: 1013 daAuts
     D:2: 901 daAuts
     D:1: 875 daAuts
     D:6: 536 daAuts
  Temple: 129 daAuts

Table legend:
 A = Non-vault XP
 B = Vault XP
 C = Vault XP percentage of total XP
 D = Non-vault monster count
 E = Vault monster count
 F = Vault count percentage of total count
                 A         B        C        D         E       F
            +---------+---------+-------+---------+---------+-------
      Total |    1490 |     122 |   7.6 |      97 |      13 |  11.8
            +---------+---------+-------+---------+---------+-------
        D:1 |      38 |       0 |   0.0 |      22 |       0 |   0.0
        D:2 |      24 |       0 |   0.0 |      10 |       0 |   0.0
        D:3 |     107 |      50 |  31.8 |      19 |      10 |  34.5
        D:4 |     714 |       3 |   0.4 |      30 |       2 |   6.2
        D:5 |     441 |       0 |   0.0 |      13 |       0 |   0.0
        D:6 |     166 |      69 |  29.4 |       3 |       1 |  25.0
            +---------+---------+-------+---------+---------+-------
